[Event "Titled Tuesday Blitz November 01 Late 2022"]
[White "Melikyan, Gnel"]
[Black "Eljanov, Pavel"]
[WhiteFideId "54109990"]
[BlackFideId "14102951"]
[WhiteElo "2138"]
[BlackElo "2601"]
[Result "1-0"]
[Round "05"]
[TimeControl "180+1"]
[Date "2022.11.01"]
[WhiteClock "0:01:13"]
[BlackClock "0:00:36"]

1. e4 c6 2. Nf3 d5 3. Nc3 dxe4 4. Nxe4 Nf6 5. Qe2 Na6 6. c3 Qd5 7. Nxf6+ gxf6 8. g3 Bg4 9. Bg2 Qd7 10. h3 Bh5 11. d4 Nc7 12. Bd2 e6 13. O-O-O O-O-O 14. Rde1 Nd5 15. a3 Qc7 16. Kb1 f5 17. Qe5 Bd6 18. Qe2 Kb8 19. c4 Nf6 20. c5 Bxg3 21. fxg3 Qxg3 22. Qe5+ Qxe5 23. Nxe5 Rhg8 24. Bxc6 bxc6 25. Nxc6+ Kb7 26. Nxd8+ Rxd8 27. Bg5 1-0


[Site "https://www.chess.com"]

[Event "Titled Tuesday Blitz November 01 Late 2022"]
[White "Melkumyan, Hrant"]
[Black "Maksimovic, Bojan"]
[WhiteFideId "13302485"]
[BlackFideId "14408120"]
[WhiteElo "2604"]
[BlackElo "2447"]
[Result "1-0"]
[Round "05"]
[TimeControl "180+1"]
[Date "2022.11.01"]
[WhiteClock "0:00:25"]
[BlackClock "0:00:01"]

1. d4 Nf6 2. c4 g6 3. Nc3 Bg7 4. e4 d6 5. Be2 Nbd7 6. Nf3 e5 7. O-O O-O 8. Be3 c6 9. Qc2 Qe7 10. Rad1 Re8 11. d5 c5 12. Ne1 Kh8 13. Nd3 Ng8 14. a3 Bh6 15. Bxh6 Nxh6 16. Qd2 Kg7 17. Rde1 f6 18. b4 b6 19. f4 exf4 20. Nxf4 Ne5 21. Nd1 cxb4 22. axb4 a5 23. Ne3 axb4 24. Qxb4 Qc7 25. Kh1 Qc5 26. Qd2 Ra3 27. Bd1 Nxc4 28. Nxc4 Qxc4 29. Qf2 Ng8 30. Bf3 Qc5 31. Qg3 Qc7 32. Rc1 Qe7 33. Rc6 b5 34. Rxd6 Kh8 35. Rb6 Qc5 36. Rc6 Qe7 37. Rfc1 Bd7 38. Rc7 Rc8 39. Rxc8 Bxc8 40. h3 Bd7 41. Kh2 Qe5 42. Rc7 Be8 43. d6 g5 44. Nd5 Qe6 45. Bg4 Rxg3 46. Bxe6 Rd3 47. Rc8 Kg7 48. Rxe8 1-0


[Site "https://www.chess.com"]

[Event "Titled Tuesday Blitz November 01 Late 2022"]
[White "Mendez Fortes, Eduardo Jesus"]
[Black "Kravtsiv, Martyn"]
[WhiteFideId "3502376"]
[BlackFideId "14113147"]
[WhiteElo "2307"]
[BlackElo "2694"]
[Result "0-1"]
[Round "05"]
[TimeControl "180+1"]
[Date "2022.11.02"]
[WhiteClock "0:00:11"]
[BlackClock "0:01:02"]

1. e4 e5 2. Nf3 Nc6 3. Bb5 a6 4. Ba4 Nf6 5. O-O Be7 6. Re1 b5 7. Bb3 O-O 8. c3 d6 9. h3 Bb7 10. d4 Nd7 11. a3 Bf6 12. d5 Ne7 13. Nbd2 c6 14. dxc6 Bxc6 15. c4 Nc5 16. Bc2 Ng6 17. b4 Ne6 18. Nb3 Qe7 19. Na5 Bd7 20. g3 Nd4 21. Nxd4 exd4 22. Bd3 Bxh3 23. cxb5 axb5 24. Bxb5 Rfc8 25. Bf1 Bxf1 26. Rxf1 d3 27. Rb1 Qxe4 28. Re1 Qd5 29. Re3 Ne5 30. Bb2 d2 31. Bxe5 dxe5 32. Re2 Bg5 33. f4 Rc3 34. fxg5 Rxg3+ 35. Kh2 Qf3 36. Qf1 Qg4 37. Rg2 Qh4+ 38. Kg1 Rd8 39. Rd1 Rdd3 40. Qf2 Rxg2+ 41. Kxg2 Qh3+ 42. Kg1 Rg3+ 0-1


[Site "https://www.chess.com"]

[Event "Titled Tuesday Blitz November 01 Late 2022"]
[White "Mesa Cruz, Juan Carlos"]
[Black "Heinemann, Josefine"]
[WhiteFideId "6423400"]
[BlackFideId "12900460"]
[WhiteElo "2059"]
[BlackElo "2300"]
[Result "0-1"]
[Round "05"]
[TimeControl "180+1"]
[Date "2022.11.02"]
[WhiteClock "0:00:06"]
[BlackClock "0:02:47"]

1. e4 c5 2. Nf3 d6 3. Nc3 a6 4. d4 cxd4 5. Nxd4 Nf6 6. Be2 e5 7. Be3 exd4 8. Bxd4 Be7 9. O-O O-O 10. f3 Be6 11. Be3 Nc6 12. Qd2 d5 13. exd5 Nxd5 14. Nxd5 Qxd5 15. Qe1 Bc5 0-1


[Site "https://www.chess.com"]

[Event "Titled Tuesday Blitz November 01 Late 2022"]
[White "Milikow, Yoav"]
[Black "Esipenko, Andrey"]
[WhiteFideId "2822237"]
[BlackFideId "24175439"]
[WhiteElo "2341"]
[BlackElo "2619"]
[Result "0-1"]
[Round "05"]
[TimeControl "180+1"]
[Date "2022.11.01"]
[WhiteClock "0:00:04"]
[BlackClock "0:00:15"]

1. d4 d5 2. c4 e5 3. dxe5 d4 4. Nf3 Nc6 5. a3 Bg4 6. Nbd2 f6 7. Qb3 Qd7 8. h3 Be6 9. g3 fxe5 10. Ng5 Na5 11. Qa2 Bf5 12. Bg2 Nf6 13. Ngf3 Nc6 14. Nh4 Be6 15. b4 Be7 16. Nhf3 a6 17. b5 axb5 18. Ng5 Bg8 19. Qb1 h6 20. Qxb5 Ra5 21. Bxc6 Qxc6 22. Qxc6+ bxc6 23. Ngf3 Bd6 24. O-O c5 25. a4 e4 26. Nb3 exf3 27. Nxa5 fxe2 28. Re1 d3 29. Ra3 Bh7 30. Nb3 Kf7 31. Be3 Nd7 32. Nc1 Ne5 33. Kh1 Be4+ 34. Kh2 Nf3+ 0-1


[Site "https://www.chess.com"]

[Event "Titled Tuesday Blitz November 01 Late 2022"]
[White "Mortazavi, Ali"]
[Black "Ibarra Jerez, Jose Carlos"]
[WhiteFideId "401323"]
[BlackFideId "2226332"]
[WhiteElo "2339"]
[BlackElo "2627"]
[Result "0-1"]
[Round "05"]
[TimeControl "180+1"]
[Date "2022.11.02"]
[WhiteClock "0:00:02"]
[BlackClock "0:01:10"]

1. Nf3 d6 2. e4 c5 3. b4 cxb4 4. a3 bxa3 5. Nxa3 Nf6 6. Bb5+ Nc6 7. e5 dxe5 8. Nxe5 Qd5 9. Nxc6 bxc6 10. Be2 g6 11. O-O Bg7 12. Bf3 Qd7 13. Re1 O-O 14. Nc4 Nd5 15. Ne5 Qd6 16. d4 a5 17. Ba3 Qc7 18. c4 Nf6 19. Nxc6 Ra6 20. Nxe7+ Kh8 21. Nd5 Nxd5 22. Bxf8 Bxf8 23. Bxd5 Kg7 24. Qe2 Rf6 25. Qe5 Bd6 26. Qe8 Bxh2+ 27. Kf1 Bf5 28. Re7 Bd3+ 29. Ke1 Qf4 30. Ra2 Qc1# 0-1


[Site "https://www.chess.com"]

[Event "Titled Tuesday Blitz November 01 Late 2022"]
[White "Muhammad, Shahzeb"]
[Black "Sailer, Mike"]
[WhiteFideId "7804806"]
[BlackFideId "2012901"]
[WhiteElo "2406"]
[BlackElo "2109"]
[Result "1/2-1/2"]
[Round "05"]
[TimeControl "180+1"]
[Date "2022.11.02"]
[WhiteClock "0:00:14"]
[BlackClock "0:00:04"]

1. e4 d5 2. exd5 Qxd5 3. Nc3 Qd6 4. d4 Nf6 5. Nf3 c6 6. Bc4 Bg4 7. Be3 e6 8. h3 Bh5 9. g4 Bg6 10. Ne5 Nbd7 11. f4 Ne4 12. Nxg6 Nxc3 13. bxc3 hxg6 14. Qf3 Nb6 15. Bd3 Nd5 16. Bd2 Be7 17. O-O O-O-O 18. f5 gxf5 19. gxf5 e5 20. Rab1 Rh4 21. c4 Nf4 22. dxe5 Qc5+ 23. Be3 Nxh3+ 24. Qxh3 Rxh3 25. Bxc5 Bxc5+ 26. Kg2 Rh4 27. f6 gxf6 28. Rxf6 Rg8+ 29. Kf3 Rh3+ 30. Ke4 Re3+ 31. Kf4 Rgg3 32. Bf5+ Kc7 33. Rxf7+ Kd8 34. Rd1+ Ke8 35. Rxb7 Ref3+ 36. Ke4 Re3+ 37. Kf4 Ref3+ 38. Ke4 Re3+ 39. Kf4 1/2-1/2


[Site "https://www.chess.com"]

[Event "Titled Tuesday Blitz November 01 Late 2022"]
[White "Munoz Sanchez, Miguel"]
[Black "Saucey, Michel"]
[WhiteFideId "3600734"]
[BlackFideId "601845"]
[WhiteElo "2166"]
[BlackElo "2253"]
[Result "1-0"]
[Round "05"]
[TimeControl "180+1"]
[Date "2022.11.02"]
[WhiteClock "0:00:08"]
[BlackClock "0:00:02"]

1. d4 d5 2. Nf3 Nf6 3. g3 e6 4. Bg2 b5 5. a4 b4 6. O-O Be7 7. c4 bxc3 8. Nxc3 a5 9. Bf4 c6 10. Rc1 O-O 11. Ne5 Nfd7 12. e4 Nxe5 13. Bxe5 Ba6 14. Re1 Nd7 15. Bf4 Bb4 16. e5 c5 17. Be3 c4 18. Qg4 Kh8 19. h4 Nb6 20. h5 h6 21. Rf1 Be7 22. f4 Bc8 23. Qf3 Qd7 24. Ra1 f5 25. g4 fxg4 26. Qxg4 Qe8 27. Bh3 Qf7 28. Kh2 Qf5 29. Qxf5 exf5 30. Rg1 Bb4 31. Nb5 Bd7 32. Rg6 Nxa4 33. Nc7 Rac8 34. Nxd5 Be8 35. Ra6 Nxb2 36. Bc1 Nd3 37. Ba3 Bxh5 38. Ne7 Rce8 39. Nxf5 Nxf4 40. Nxh6 gxh6 41. Rxh6+ Kg7 42. Rb6 Rh8 43. Bxb4 axb4 44. Ra7+ Bf7 45. e6 Rxh3+ 46. Kg1 Rxe6 47. Rxb4 1-0


[Site "https://www.chess.com"]

[Event "Titled Tuesday Blitz November 01 Late 2022"]
[White "Omelja, Artem"]
[Black "Kaplan, Avi Harrison"]
[WhiteFideId "14119846"]
[BlackFideId "30934559"]
[WhiteElo "2403"]
[BlackElo "1983"]
[Result "1/2-1/2"]
[Round "05"]
[TimeControl "180+1"]
[Date "2022.11.02"]
[WhiteClock "0:00:23"]
[BlackClock "0:00:03"]

1. d4 Nf6 2. c4 c5 3. d5 e6 4. Nc3 exd5 5. cxd5 d6 6. e4 g6 7. h3 Bg7 8. Nf3 O-O 9. Bd3 b5 10. Nxb5 Re8 11. Nc3 Nxe4 12. Bxe4 f5 13. O-O fxe4 14. Ng5 Bf5 15. g4 Bd7 16. Ngxe4 h5 17. Bg5 Qb6 18. Nf6+ Bxf6 19. Bxf6 hxg4 20. hxg4 Qb4 21. Qf3 Qxg4+ 22. Qxg4 Bxg4 23. Nb5 Nd7 24. Bc3 Bf3 25. Nxd6 Re7 26. Kh2 Rf8 27. Kg3 Bxd5 28. f4 Re3+ 29. Kg4 Be6+ 30. Kg5 Rg3+ 31. Kh6 Rh3+ 32. Kxg6 Rg3+ 33. Kh5 Rh3+ 34. Kg5 Rg3+ 35. Kh6 Rh3+ 36. Kg6 Rg3+ 37. Kh5 Rh3+ 38. Kg5 Rg3+ 39. Kh4 Rh3+ 40. Kg5 1/2-1/2


[Site "https://www.chess.com"]

[Event "Titled Tuesday Blitz November 01 Late 2022"]
[White "Ozer, Omer Faruk"]
[Black "Gokerkan, Cem Kaan"]
[WhiteFideId "6354564"]
[BlackFideId "6336760"]
[WhiteElo "2260"]
[BlackElo "2365"]
[Result "0-1"]
[Round "05"]
[TimeControl "180+1"]
[Date "2022.11.02"]
[WhiteClock "0:01:06"]
[BlackClock "0:01:30"]

1. d4 g6 2. c4 Bg7 3. e4 d6 4. Nc3 Nf6 5. Nge2 O-O 6. Ng3 c5 7. d5 h5 8. Be2 h4 9. Nf1 h3 10. gxh3 Bxh3 11. Rg1 e6 12. Qd3 Bxf1 13. Kxf1 exd5 14. cxd5 Nbd7 15. h4 Ne5 16. Qg3 b5 17. f4 Ned7 18. e5 dxe5 19. fxe5 b4 20. Bg5 bxc3 21. bxc3 Ne4 0-1


[Site "https://www.chess.com"]

[Event "Titled Tuesday Blitz November 01 Late 2022"]
[White "Pakleza, Zbigniew"]
[Black "Predke, Alexandr"]
[WhiteFideId "1119290"]
[BlackFideId "24107581"]
[WhiteElo "2411"]
[BlackElo "2614"]
[Result "1/2-1/2"]
[Round "05"]
[TimeControl "180+1"]
[Date "2022.11.01"]
[WhiteClock "0:00:08"]
[BlackClock "0:00:05"]

1. d4 Nf6 2. Nf3 d5 3. Bf4 c6 4. e3 g6 5. c4 Bg7 6. Nc3 O-O 7. cxd5 Nxd5 8. Bg3 Bg4 9. Be2 Qa5 10. Qb3 Be6 11. Qc2 c5 12. O-O cxd4 13. Nxd5 Bxd5 14. Nxd4 Nc6 15. Nxc6 Bxc6 16. Rfd1 Rfc8 17. Qd2 Qb6 18. Bf3 Qxb2 19. Qxb2 Bxb2 20. Rab1 Bf6 21. Bxc6 bxc6 22. Rdc1 c5 23. Rc4 Rc6 24. Rb5 Rac8 25. Ra5 a6 26. Kf1 Rb6 27. a3 Rbc6 28. Ke2 h5 29. f3 Kg7 30. Bf2 e6 31. e4 Be7 32. Kd3 Rb6 33. Bxc5 Bxc5 34. Raxc5 Rxc5 35. Rxc5 Rb3+ 36. Rc3 Rb2 37. Rc2 Rb3+ 38. Rc3 Rb2 39. Rc2 Rb3+ 40. Rc3 1/2-1/2


[Site "https://www.chess.com"]

[Event "Titled Tuesday Blitz November 01 Late 2022"]
[White "Paravyan, David"]
[Black "Gorodetzky, David"]
[WhiteFideId "4194985"]
[BlackFideId "2813416"]
[WhiteElo "3026"]
[BlackElo "2880"]
[Result "1/2-1/2"]
[Round "05"]
[TimeControl "180+1"]
[Date "2022.11.01"]
[WhiteClock "0:00:09"]
[BlackClock "0:00:05"]

1. e4 c6 2. d4 d5 3. e5 c5 4. Nf3 Nc6 5. dxc5 Bg4 6. c3 e6 7. Be3 Nh6 8. b4 a5 9. b5 Nxe5 10. Qa4 Bxf3 11. gxf3 Nf5 12. f4 Nxe3 13. fxe5 Nc4 14. Bxc4 dxc4 15. Qxc4 Qc7 16. c6 bxc6 17. O-O Rc8 18. Nd2 Qxe5 19. bxc6 Bd6 20. Nf3 Qf4 21. Qxf4 Bxf4 22. Nd4 e5 23. Nf5 Rxc6 24. Rab1 Kd7 25. Rfd1+ Ke6 26. Nxg7+ Kf6 27. Nh5+ Kg5 28. Nxf4 Kxf4 29. Rd3 Rhc8 30. Rb7 f5 31. Rxh7 Rxc3 32. Rg3 Rxg3+ 33. hxg3+ Kf3 34. Rf7 f4 35. gxf4 Rc1+ 36. Kh2 exf4 37. Ra7 Kxf2 38. Rxa5 f3 39. Rb5 Rc2 40. Rb1 Rxa2 41. Rc1 Re2 42. Ra1 Rd2 43. Rb1 Rd3 44. Ra1 Ke2 45. Kg1 f2+ 46. Kg2 Rd2 47. Rb1 Ke3 48. Ra1 Ke2 49. Rb1 Rd3 50. Rb2+ Ke3 51. Rxf2 Rd2 52. Rxd2 Kxd2 1/2-1/2


[Site "https://www.chess.com"]

[Event "Titled Tuesday Blitz November 01 Late 2022"]
[White "Pham, Khoi"]
[Black "Mladenovic, Stefan"]
[WhiteFideId "1054988"]
[BlackFideId "942227"]
[WhiteElo "2477"]
[BlackElo "2337"]
[Result "0-1"]
[Round "05"]
[TimeControl "180+1"]
[Date "2022.11.02"]
[WhiteClock "0:01:23"]
[BlackClock "0:01:51"]

1. e4 c5 2. Nf3 d6 3. d4 cxd4 4. Nxd4 Nf6 5. Nc3 g6 6. Be2 Bg7 7. O-O O-O 8. Be3 Nc6 9. f3 Qb6 10. Qd2 Nxe4 11. Nxe4 Bxd4 12. Bxd4 Qxd4+ 13. Qxd4 Nxd4 14. Bd3 Bf5 15. Rad1 Rac8 16. c3 Ne6 17. g4 Bxe4 18. Bxe4 Nc5 19. Bc2 b5 20. Rd4 a5 21. Re1 Rc7 22. f4 Ne6 23. Rd5 b4 24. f5 Nf4 25. Rd4 g5 26. Bb3 bxc3 27. bxc3 Kg7 28. h4 h6 29. Re3 Kf6 30. hxg5+ hxg5 31. Ra4 Rfc8 32. Rxa5 Rxc3 33. Kf2 Nd3+ 34. Kg3 Nc1 35. Kf2 Nxb3 36. axb3 Rxe3 37. Kxe3 Rc3+ 38. Kd4 Rxb3 39. Ra8 Rg3 0-1


[Site "https://www.chess.com"]

[Event "Titled Tuesday Blitz November 01 Late 2022"]
[White "Pinheiro, Iung Alicio de O."]
[Black "Krzywda, Andrzej"]
[WhiteFideId "2104350"]
[BlackFideId "1114565"]
[WhiteElo "2283"]
[BlackElo "2149"]
[Result "0-1"]
[Round "05"]
[TimeControl "180+1"]
[Date "2022.11.02"]
[WhiteClock "0:00:16"]
[BlackClock "0:00:09"]

1. c4 Nf6 2. g3 g6 3. Bg2 Bg7 4. Nc3 O-O 5. d3 e5 6. e4 a6 7. Nge2 b5 8. b3 b4 9. Nd5 Nxd5 10. cxd5 c6 11. dxc6 dxc6 12. O-O c5 13. Be3 Qe7 14. Rc1 Nd7 15. Qc2 Rd8 16. Rfd1 Bb7 17. Bh3 Bf8 18. Qb2 Rac8 19. Rc2 Rc7 20. Qc1 a5 21. Bg5 f6 22. Be3 Ba6 23. Bxd7 Qxd7 24. Rcd2 Qg4 25. Kg2 Bxd3 26. f3 Bxe4 27. fxe4 Qxe4+ 28. Kf2 Re8 29. Qc4+ Qxc4 30. bxc4 a4 31. Rd7 Rec8 32. Rxc7 Rxc7 33. Rd8 Kf7 34. Ra8 a3 35. Rb8 Rd7 36. Nc1 Rd1 37. Ke2 Rh1 38. h4 Rh2+ 39. Bf2 e4 40. Nb3 Bd6 41. Kf1 e3 42. Rb7+ Ke6 43. Bxe3 Rxa2 44. Bxc5 Rb2 45. Nd4+ Ke5 46. Nc6+ Ke4 47. Bxd6 a2 48. Ra7 Kf3 49. Ke1 b3 50. Nd4+ Ke3 51. Nxb3 Rb1+ 0-1


[Site "https://www.chess.com"]

[Event "Titled Tuesday Blitz November 01 Late 2022"]
[White "Poliakova, Varvara"]
[Black "Kekic, Armin"]
[WhiteFideId "13518313"]
[BlackFideId "14401274"]
[WhiteElo "1938"]
[BlackElo "2132"]
[Result "0-1"]
[Round "05"]
[TimeControl "180+1"]
[Date "2022.11.02"]
[WhiteClock "0:00:51"]
[BlackClock "0:00:14"]

1. e4 c5 2. Nc3 a6 3. g3 b5 4. Bg2 Bb7 5. d3 e6 6. f4 Nf6 7. Nf3 d5 8. O-O dxe4 9. Ng5 Be7 10. Ngxe4 Nxe4 11. Nxe4 Qc7 12. Be3 Nd7 13. f5 e5 14. Qg4 Bf6 15. Nxf6+ gxf6 16. Bh6 Bxg2 17. Kxg2 Qc6+ 18. Qe4 Qxe4+ 19. dxe4 c4 20. Rad1 Ke7 21. Rd5 Nb6 22. Rc5 Rhc8 23. Rxc8 Rxc8 24. Rd1 Na4 25. Bc1 c3 26. b3 Nc5 27. Kf3 b4 28. a4 a5 29. Be3 Nd7 30. Rd5 Ra8 31. Kg4 Ra6 32. Kh5 Ra8 33. Kh6 Rg8 34. Kxh7 Rg4 35. Bc5+ Nxc5 36. Rxc5 Rxe4 37. Rxa5 Re2 38. Ra7+ Kf8 39. Ra8+ Ke7 40. Kg7 Rxc2 41. Ra7+ Kd6 42. Kxf6 e4 43. Ra6+ Kd5 44. Kxf7 e3 45. Re6 e2 46. Ke7 Rd2 47. f6 c2 48. f7 c1=Q 49. Rd6+ Ke4 50. Re6+ Kd3 51. f8=Q Qc7+ 52. Kf6 e1=Q 53. Rxe1 Rf2+ 0-1


[Site "https://www.chess.com"]

[Event "Titled Tuesday Blitz November 01 Late 2022"]
[White "Popilski, Gil"]
[Black "Zilleruelo Irizarry, Diego"]
[WhiteFideId "2809060"]
[BlackFideId "3101460"]
[WhiteElo "2537"]
[BlackElo "1998"]
[Result "1-0"]
[Round "05"]
[TimeControl "180+1"]
[Date "2022.11.02"]
[WhiteClock "0:00:26"]
[BlackClock "0:00:09"]

1. f4 d5 2. Nf3 e6 3. g3 Nf6 4. Bg2 Be7 5. O-O O-O 6. d3 Nbd7 7. Nc3 Nc5 8. e3 b6 9. Kh1 Bb7 10. Qe1 Qc8 11. Ne5 Rd8 12. g4 d4 13. exd4 Bxg2+ 14. Kxg2 Rxd4 15. Be3 Rd8 16. Qe2 Qb7+ 17. Qf3 Qxf3+ 18. Kxf3 Nd5 19. Nc6 Rd7 20. Nxd5 exd5 21. Nxe7+ Rxe7 22. Rae1 Rae8 23. f5 Nd7 24. h3 c5 25. Bf2 f6 26. Rxe7 Rxe7 27. Re1 Rxe1 28. Bxe1 Ne5+ 29. Kf4 Nc6 30. c4 dxc4 31. dxc4 Kf7 32. Ke4 Ke7 33. Bg3 Kd7 34. b3 Nb4 35. a4 Nc6 36. Bh2 Nd4 37. b4 Nb3 38. b5 Na5 39. Kd5 Nb7 40. Bb8 Nd8 41. Bxa7 Kc7 42. a5 bxa5 43. Bxc5 Nb7 44. Bf8 g6 45. fxg6 hxg6 46. c5 a4 47. b6+ Kc8 48. c6 Nd8 49. Bd6 f5 50. gxf5 gxf5 51. h4 Nf7 52. b7+ 1-0


[Site "https://www.chess.com"]

[Event "Titled Tuesday Blitz November 01 Late 2022"]
[White "Prydun, Andriy"]
[Black "Dahlgren, James Allen"]
[WhiteFideId "14145898"]
[BlackFideId "22256873"]
[WhiteElo "2163"]
[BlackElo "2211"]
[Result "1-0"]
[Round "05"]
[TimeControl "180+1"]
[Date "2022.11.02"]
[WhiteClock "0:00:58"]
[BlackClock "0:00:37"]

1. e4 e6 2. d3 c5 3. Nf3 d5 4. Nbd2 Nf6 5. g3 Nc6 6. Bg2 Be7 7. O-O O-O 8. Re1 h6 9. h4 b5 10. e5 Nh7 11. Nf1 a5 12. a3 b4 13. N1h2 Ba6 14. Ng4 b3 15. c3 a4 16. Bf4 Qb6 17. Qd2 Qb5 18. Rad1 h5 19. Ngh2 Rad8 20. g4 d4 21. c4 Qa5 22. Qc1 hxg4 23. Nxg4 Bb7 24. h5 Qc7 25. Kh1 Na5 26. Rg1 Bc6 27. Nf6+ gxf6 28. exf6 Qxf4 29. Qxf4 Bxf6 30. Ng5 Bxg2+ 31. Rxg2 Bxg5 32. Rxg5+ Nxg5 33. Qxg5+ Kh7 34. Qf6 Rg8 35. Rg1 Rxg1+ 36. Kxg1 Rg8+ 37. Kf1 Nb7 38. Qxf7+ Rg7 39. Qxe6 1-0


[Site "https://www.chess.com"]

[Event "Titled Tuesday Blitz November 01 Late 2022"]
[White "Przybylski, Wojciech"]
[Black "Baglan, Esat"]
[WhiteFideId "1117599"]
[BlackFideId "6309216"]
[WhiteElo "2221"]
[BlackElo "2231"]
[Result "0-1"]
[Round "05"]
[TimeControl "180+1"]
[Date "2022.11.02"]
[WhiteClock "0:00:24"]
[BlackClock "0:01:07"]

1. e4 c5 2. Nf3 Nc6 3. d4 cxd4 4. Nxd4 g6 5. h4 h5 6. Nc3 Bg7 7. Nf3 d6 8. Bc4 Nf6 9. Ng5 O-O 10. f3 Na5 11. Be2 Bd7 12. Be3 Rc8 13. Bd4 Nc4 14. Nd5 Nxd5 15. exd5 Nxb2 16. Qd2 Nc4 17. Qf4 Qa5+ 18. Kf2 Bxd4+ 19. Qxd4 Qc5 20. Rhd1 Qxd4+ 21. Rxd4 Na3 22. Re4 Rfe8 23. Bd3 Bf5 24. Ra4 Bxd3 25. cxd3 Rc2+ 26. Kg3 Nb5 27. Rb4 Nc3 28. Rxb7 Nxd5 29. Rxa7 Ne3 30. Rg1 Kf8 31. a4 Rb8 32. Kf4 Nxg2+ 33. Ke4 f5+ 34. Kd5 Nf4+ 35. Kd4 Rb4+ 36. Ke3 Re2# 0-1


[Site "https://www.chess.com"]

[Event "Titled Tuesday Blitz November 01 Late 2022"]
[White "Putnam, Liam"]
[Black "D`Arruda, Ricardo D."]
[WhiteFideId "30938279"]
[BlackFideId "100692"]
[WhiteElo "2082"]
[BlackElo "2487"]
[Result "1-0"]
[Round "05"]
[TimeControl "180+1"]
[Date "2022.11.02"]
[WhiteClock "0:01:05"]
[BlackClock "0:01:02"]

1. e4 c5 2. Nc3 e6 3. Nf3 Nc6 4. d4 cxd4 5. Nxd4 d6 6. Be3 Nf6 7. Be2 Be7 8. g4 a6 9. g5 Nd7 10. h4 Qc7 11. Qd2 Nce5 12. f4 Nc4 13. Bxc4 Qxc4 14. O-O-O Qc7 15. h5 Nb6 16. g6 Nc4 17. gxf7+ Kxf7 18. Qe2 Nxe3 19. Qxe3 Re8 20. f5 exf5 21. Nd5 Qa5 22. Qb3 Kf8 23. exf5 Bf6 24. Nxf6 gxf6 25. Rhg1 d5 26. Qg3 1-0


[Site "https://www.chess.com"]

[Event "Titled Tuesday Blitz November 01 Late 2022"]
[White "Qashashvili, Alexandre"]
[Black "Curtis, John"]
[WhiteFideId "13600842"]
[BlackFideId "3200256"]
[WhiteElo "2405"]
[BlackElo "2203"]
[Result "1-0"]
[Round "05"]
[TimeControl "180+1"]
[Date "2022.11.02"]
[WhiteClock "0:00:14"]
[BlackClock "0:00:13"]

1. e3 e5 2. d4 exd4 3. exd4 d5 4. Nf3 Bd6 5. Be3 Ne7 6. Bd3 Bf5 7. h3 c6 8. O-O Bxd3 9. Qxd3 Na6 10. Re1 f6 11. c3 Nc7 12. Nbd2 O-O 13. Nf1 Qd7 14. Nh4 Rae8 15. Re2 a6 16. Rae1 Nc8 17. Nh2 Bxh2+ 18. Kxh2 Nd6 19. Bf4 Rxe2 20. Qxe2 Re8 21. Qd1 Rxe1 22. Qxe1 Ne6 23. Bxd6 Qxd6+ 24. g3 g6 25. Qe3 Ng5 26. Qe8+ Qf8 27. Qd7 Qf7 28. Qc8+ Kg7 29. Kg2 Qe7 30. Qg4 h5 31. Qf4 Qe2 32. Qc7+ Kh6 33. Qd8 Qe4+ 34. Kh2 Kg7 35. Qd7+ Kh6 36. Qd8 Kg7 37. Qc7+ Kh6 38. Qc8 Qe6 39. Qh8+ Nh7 40. Kg1 Qe1+ 41. Kg2 Qe4+ 42. Nf3 g5 43. a4 g4 44. hxg4 hxg4 45. Kg1 gxf3 46. Qd8 Qe1+ 47. Kh2 Qxf2+ 48. Kh3 Qg2+ 49. Kg4 Qe2 50. Qe7 f2+ 51. Qxe2 Kg6 52. Qxf2 Ng5 53. Qf5+ Kg7 54. Kh5 Nf7 55. Qg6+ Kf8 56. Qxf6 Ke8 57. Kg6 Kd7 58. Qxf7+ Kc8 59. Qe7 Kb8 60. Kf6 Ka7 61. Ke6 Kb6 62. Kd6 1-0


[Site "https://www.chess.com"]

[Event "Titled Tuesday Blitz November 01 Late 2022"]
[White "Ramirez, Alejandro"]
[Black "Castellanos Gomez, Alejandro"]
[WhiteFideId "6500617"]
[BlackFideId "22284141"]
[WhiteElo "2694"]
[BlackElo "2168"]
[Result "1-0"]
[Round "05"]
[TimeControl "180+1"]
[Date "2022.11.02"]
[WhiteClock "0:00:11"]
[BlackClock "0:00:01"]

1. Nf3 Nf6 2. c4 e6 3. g3 d5 4. b3 d4 5. e3 c5 6. Bg2 Nc6 7. exd4 cxd4 8. O-O Be7 9. d3 O-O 10. Re1 Nd7 11. Na3 e5 12. Nc2 a5 13. a3 f6 14. Rb1 Nc5 15. b4 axb4 16. axb4 Na4 17. Bd2 Bf5 18. b5 Nb8 19. Nb4 Nc5 20. Qe2 Ra3 21. Bc1 Rxd3 22. Nh4 Re3 23. Bxe3 Bxb1 24. Rxb1 dxe3 25. Bd5+ Kh8 26. fxe3 f5 27. Nf3 Nbd7 28. Rd1 Qe8 29. e4 f4 30. g4 Qg6 31. h3 Na4 32. Qc2 Ra8 33. Nd3 Bd6 34. Bxb7 Rb8 35. Bc6 Ndc5 36. Nxc5 Nxc5 37. Rd5 Qf6 38. Qd1 Be7 39. Rxe5 h6 40. Rd5 Ne6 41. e5 Qf7 42. Rd7 Nc5 43. Rd5 Qg6 44. Kg2 Ne4 45. Qd3 Rc8 46. Rd4 Nc5 47. Qxg6 1-0


[Site "https://www.chess.com"]

[Event "Titled Tuesday Blitz November 01 Late 2022"]
[White "Rangel, Daniel"]
[Black "Ashiku, Franc"]
[WhiteFideId "2124475"]
[BlackFideId "4700066"]
[WhiteElo "2225"]
[BlackElo "2306"]
[Result "0-1"]
[Round "05"]
[TimeControl "180+1"]
[Date "2022.11.02"]
[WhiteClock "0:00:02"]
[BlackClock "0:00:37"]

1. c4 b6 2. Nc3 Bb7 3. Nf3 Nf6 4. g3 Bxf3 5. exf3 e6 6. f4 c5 7. Bg2 Nc6 8. O-O Be7 9. d4 Nxd4 10. Bxa8 Qxa8 11. f3 h5 12. Be3 h4 13. Bxd4 cxd4 14. Nb5 Qc6 15. Nxd4 Qc5 16. Kg2 g5 17. Nb3 Qf5 18. Nd4 Qh7 19. g4 h3+ 20. Kh1 gxf4 21. Nb5 a6 22. Nc7+ Kf8 23. g5 Nh5 24. Qxd7 Qc2 25. Rg1 Qe2 26. Qd1 Qf2 27. Qf1 Qxb2 28. g6 Bd6 29. Nxa6 Ng3+ 30. hxg3 fxg3 31. Rg2 hxg2+ 32. Kg1 Rh1# 0-1


[Site "https://www.chess.com"]

[Event "Titled Tuesday Blitz November 01 Late 2022"]
[White "Rasulov, Vugar"]
[Black "Bartel, Mateusz"]
[WhiteFideId "13402390"]
[BlackFideId "1112635"]
[WhiteElo "2509"]
[BlackElo "2530"]
[Result "1/2-1/2"]
[Round "05"]
[TimeControl "180+1"]
[Date "2022.11.01"]
[WhiteClock "0:00:07"]
[BlackClock "0:00:08"]

1. Nf3 Nf6 2. c4 g6 3. g3 Bg7 4. Bg2 O-O 5. O-O c6 6. b3 d5 7. Bb2 a5 8. d3 e6 9. Qc2 Na6 10. a3 Bd7 11. Nbd2 b5 12. e4 Rc8 13. Ne5 Be8 14. Rac1 bxc4 15. bxc4 d4 16. c5 Nd7 17. Nxd7 Bxd7 18. Nc4 Rb8 19. e5 Nxc5 20. f4 Nb3 21. Rb1 a4 22. Bc1 c5 23. Bd2 Bb5 24. Nd6 Qd7 25. Ne4 Rfc8 26. Nd6 Rd8 27. g4 Bc6 28. Be1 Bxg2 29. Qxg2 Rb6 30. Bh4 Rdb8 31. Nc4 R6b7 32. f5 Qd5 33. f6 Qxg2+ 34. Kxg2 Bf8 35. Bg3 h6 36. h4 Ra7 37. Kf3 Rab7 38. Ke4 Kh7 39. Rb2 Kg8 40. Bf4 Ra8 41. Rfb1 Raa7 42. Kf3 Ra8 43. g5 h5 44. Ke2 Rab8 45. Kd1 Ra8 46. Kc2 Rab8 47. Nd2 Na1+ 48. Kc1 Nb3+ 49. Kd1 Kh8 50. Nc4 Kg8 51. Kc2 Kh8 52. Bd2 Kg8 53. Be1 Kh8 54. Bd2 Kg8 55. Be1 Kh8 56. Bd2 1/2-1/2


[Site "https://www.chess.com"]

[Event "Titled Tuesday Blitz November 01 Late 2022"]
[White "Rios Escobar, Adan"]
[Black "Hjartarson, Johann"]
[WhiteFideId "3403645"]
[BlackFideId "2300044"]
[WhiteElo "2356"]
[BlackElo "2458"]
[Result "0-1"]
[Round "05"]
[TimeControl "180+1"]
[Date "2022.11.02"]
[WhiteClock "0:00:01"]
[BlackClock "0:00:17"]

1. d4 Nf6 2. g3 g6 3. Bg2 Bg7 4. e4 d6 5. Ne2 O-O 6. O-O Nbd7 7. Nbc3 c5 8. h3 a6 9. a4 cxd4 10. Nxd4 Qc7 11. Be3 Rb8 12. a5 b5 13. axb6 Nxb6 14. e5 dxe5 15. Nc6 Rb7 16. Bc5 Re8 17. Rxa6 Nc4 18. b4 e4 19. Qe2 Nd6 20. Nxe7+ Qxe7 21. Bxd6 Qe6 22. Rd1 Rxb4 23. Bxb4 Bxa6 24. Qe3 Qc4 25. Rd4 Ng4 26. Rxc4 Nxe3 27. Rc6 Nxc2 28. Rxa6 Nxb4 29. Ra3 f5 30. Ne2 Nd3 31. g4 Rb8 32. gxf5 gxf5 33. Ng3 Rb1+ 34. Bf1 Bd4 35. Ra2 Nxf2 0-1


[Site "https://www.chess.com"]